 Dungeon Crawl Stone Soup version 0.22.1-1-ga44c0e5 (webtiles) character file.

1650 Zebedee the Stinger (level 9, -1/55 HPs)
             Began as an Octopode Venom Mage on Oct 8, 2018.
             Was a Follower of Sif Muna.
             Slain by an ogre
             ... wielding a +0 giant club
              (26 damage)
             ... on level 8 of the Dungeon.
             The game lasted 00:19:06 (8938 turns).

Zebedee the Stinger (Octopode Venom Mage)           Turns: 8938, Time: 00:19:07

Health: -1/55      AC:  1    Str: 10    XL:     9   Next: 0%
Magic:  12/15      EV: 14    Int: 17    God:    Sif Muna [*.....]
Gold:   156        SH:  0    Dex: 13    Spells: 7/17 levels left

rFire    . . .     SeeInvis .     - Unarmed
rCold    . . .     Gourm    .   (no shield)
rNeg     . . .     Faith    .   q - +0 hat
rPois    .         Spirit   .   j - amulet of rage
rElec    .         Reflect  .   (no ring)
rCorr    .         Harm     .   (no ring)
MR       .....                  (no ring)
Stlth    +++.......             (no ring)
HPRegen  0.18/turn              (no ring)
MPRegen  0.14/turn              (no ring)
                                (no ring)
                                (no ring)

@: divine energy
A: almost no armour, stealthy swim, amphibious, 8 rings, constrict 8, camouflage
1, gelatinous body 1
a: Stop Divine Energy, Renounce Religion, Evoke Berserk Rage


You were on level 8 of the Dungeon.
You worshipped Sif Muna.
Sif Muna was aware of your devotion.
You were not hungry.

You visited 2 branches of the dungeon, and saw 11 of its levels.

You collected 226 gold pieces.
You spent 70 gold pieces at shops.

Inventory:

Missiles
 i - 171 stones (quivered)
 E - 2 tomahawks
 G - 8 javelins
Armour
 q - a +0 hat (worn)
Jewellery
 j - an amulet of rage (around mantle)
Wands
 s - a wand of acid (3)
Scrolls
 d - 2 scrolls of teleportation
 e - 4 scrolls of identify
 h - a scroll of magic mapping
 k - 2 scrolls of immolation {unknown}
 m - 4 scrolls of remove curse
 n - 2 scrolls of amnesia {unknown}
 p - 2 scrolls of fog
 x - a scroll of noise {unknown}
 y - a scroll of random uselessness {unknown}
 A - a scroll of vulnerability {unknown}
 B - a scroll of enchant armour {unknown}
 F - a scroll of blinking {unknown}
Potions
 a - 5 potions of curing
 c - a potion of resistance {unknown}
 f - a potion of ambrosia {unknown}
 g - 2 potions of heal wounds
 l - 3 potions of haste
 o - 3 potions of lignification {unknown}
 r - a potion of agility {unknown}
 t - a potion of brilliance {unknown}
 u - 2 potions of might {unknown}
 v - a potion of cancellation {unknown}
 w - a potion of invisibility {unknown}
 z - a potion of flight {unknown}
 C - a potion of degeneration {unknown}
Comestibles
 b - 8 rations
 D - 8 chunks of flesh


   Skills:
 + Level 2.8 Fighting
 + Level 3.1 Dodging
 - Level 2.6 Stealth
 + Level 5.4 Unarmed Combat
 + Level 4.5 Spellcasting
 - Level 1.2 Conjurations
 * Level 5.2 Air Magic
 + Level 6.7 Poison Magic
 - Level 0.5 Evocations


You had 7 spell levels left.
You knew the following spells:

 Your Spells              Type           Power        Failure   Level  Hunger
a - Sting                 Conj/Pois      ###.         3%          1    None
b - Poisonous Vapours     Pois/Air       ###...       1%          2    ##.....
c - Olgreb's Toxic Radia  Pois           ####....     9%          4    ####...
d - Mephitic Cloud        Conj/Pois/Air  ###.....     8%          3    ###....

Your spell library contained the following spells:

 Spells                   Type           Power        Failure   Level  Hunger
 Venom Bolt               Conj/Pois      ###.......   63%         5    ######.


Dungeon Overview and Level Annotations

Branches:
Dungeon (10/15)            Temple (1/1) D:4
   Lair: D:8-11         Orc: D:9-12

Altars:
Ashenzari
Cheibriados
Dithmenos
Elyvilon
Fedhas
Gozag
Hepliaklqana
Kikubaaqudgha
Makhleb
Nemelex Xobeh
Okawaru
Qazlal
Ru
Sif Muna
Trog
Uskayaw
Vehumet
Wu Jian
Xom
Yredelemnul
Zin

Shops:
D:5 !

Annotations:
D:1 exclusion: downstairs
D:7 Joseph


Innate Abilities, Weirdness & Mutations

You cannot wear most types of armour.
You are very stealthy in the water. (Stealth+)
You are amphibious.
You can wear up to eight rings at the same time.
You can use your tentacles to constrict eight enemies at once.
Your skin changes colour to match your surroundings (Stealth+).
Your rubbery body absorbs attacks. (AC +1, EV +1)


Message History

Poisonous vapours surround the ogre!
The ogre is engulfed in poison gas.
The ogre is poisoned.
The ogre looks more healthy.
Casting: Poisonous Vapours (safe; 1% risk of failure)
Confirm with . or Enter, or press ? or * to list all spells.
Aiming: Poisonous Vapours (safe; 1% risk of failure)
Press: ? - help, Dir - move target cursor, f/p - ogre
Aim: an ogre, wielding a giant club (moderately wounded) Poisonous vapours surround the ogre!
The ogre is poisoned.
The ogre hits you with a giant club!!
A bullfrog zombie comes into view.
Casting: Poisonous Vapours (safe; 1% risk of failure)
Confirm with . or Enter, or press ? or * to list all spells.
Aiming: Poisonous Vapours (safe; 1% risk of failure)
Press: ? - help, Dir - move target cursor, f/p - ogre
Aim: an ogre, wielding a giant club (moderately wounded, poisoned) Poisonous vapours surround the ogre!
The ogre is engulfed in poison gas.
The ogre looks even sicker.
The ogre hits you with a giant club!!
You die...

...# ..)# #..# #..#
########..#
#.........#
#.######.##
#####.######Z#
#######.........@O.#
............########
#######.##### #.#
#.# #.# #######.#
........# #########


You could see an ogre and a bullfrog zombie.

Vanquished Creatures
  Sigmund (D:2)
  An ice beast (D:5)
  A sky beast (D:3)
  A necrophage (D:5)
  An ogre (D:10)
  5 bullfrogs
  A scorpion (D:5)
  A wight (D:8)
  2 howler monkeys (D:6)
  2 crimson imps
  A quasit (D:6)
  A jelly (D:5)
  An orc priest (D:6)
  A bullfrog skeleton (D:4)
  A centaur skeleton (D:5)
  2 hounds
  Terence (D:2)
  2 orc wizards (D:6)
  4 worker ants
  An iguana (D:8)
  6 adders
  A shadow imp (D:7)
  An ooze (D:4)
  2 adder skeletons
  2 dart slugs (D:1)
  2 leopard geckos (D:3)
  12 orcs
  2 ball pythons
  8 bats
  3 giant cockroaches
  12 goblins
  5 hobgoblins
  9 jackals
  3 quokkas
  6 frilled lizards
  6 kobolds
  A leopard gecko zombie (D:5)
  7 rats
119 creatures vanquished.

Notes
Turn   | Place    | Note
-------+----------+-------------------------------------------
     0 | D:1      | Zebedee the Octopode Venom Mage began the quest for the
                  | Orb.
     0 | D:1      | Reached XP level 1. HP: 11/11 MP: 3/3
   329 | D:1      | Reached skill level 4 in Poison Magic
   390 | D:1      | Reached XP level 2. HP: 17/17 MP: 3/5
   412 | D:1      | Learned a level 2 spell: Poisonous Vapours
  1783 | D:2      | Reached XP level 3. HP: 21/21 MP: 4/6
  2150 | D:2      | Noticed Sigmund
  2216 | D:2      | Reached skill level 1 in Unarmed Combat
  2216 | D:2      | Reached skill level 1 in Air Magic
  2343 | D:2      | Killed Sigmund
  2343 | D:2      | Reached skill level 5 in Poison Magic
  2343 | D:2      | Reached XP level 4. HP: 7/27 MP: 0/8
  2343 | D:2      | Reached XP level 5. HP: 9/32 MP: 0/9
  2576 | D:2      | Learned a level 4 spell: Olgreb's Toxic Radiance
  2644 | D:2      | Noticed Terence
  2678 | D:2      | Killed Terence
  2678 | D:2      | Reached XP level 6. HP: 37/37 MP: 3/10
  3308 | D:3      | Noticed a sky beast
  3345 | D:3      | Killed a sky beast
  4182 | D:4      | Reached skill level 1 in Fighting
  4321 | D:4      | Noticed a phantom
  4367 | D:3      | HP: 1/38 [phantom (5)]
  4741 | D:4      | Reached XP level 7. HP: 43/43 MP: 6/11
  4758 | D:4      | Found a staircase to the Ecumenical Temple.
  4768 | Temple   | Entered the Ecumenical Temple
  4856 | Temple   | Became a worshipper of Sif Muna the Loreminder
  5610 | D:4      | Learned a level 3 spell: Mephitic Cloud
  5698 | D:5      | Entered Level 5 of the Dungeon
  5709 | D:5      | Found Bauchowa's Distillery.
  5724 | D:5      | Reached skill level 6 in Poison Magic
  5862 | D:5      | Bought a potion of heal wounds for 70 gold pieces
  5885 | D:5      | Found a snail-covered altar of Cheibriados.
  6960 | D:6      | Reached XP level 8. HP: 47/50 MP: 8/13
  7398 | D:6      | Reached * piety under Sif Muna
  7803 | D:6      | Reached skill level 5 in Unarmed Combat
  8559 | D:7      | You fall through a shaft for 3 floors!
  8559 | D:10     | Entered Level 10 of the Dungeon
  8808 | D:10     | Reached skill level 5 in Air Magic
  8874 | D:7      | Noticed Joseph
  8883 | D:8      | Reached XP level 9. HP: 38/55 MP: 13/15
  8938 | D:8      | Slain by an ogre

Skill      XL: |  1  2  3  4  5  6  7  8 |
---------------+-------------------------+-----
Poison Magic   | 4 5 6 |  6.7
Unarmed Combat | 2 4 5 |  5.4
Air Magic      | 2 3 4 5 |  5.2
Spellcasting   | 3 4 |  4.5
Fighting       | 1 2 |  2.8
Dodging        | 3 |  3.1
Stealth        | |  2.6
Conjurations   | |  1.2
Evocations     | |  0.5

Action                   |  1- 3 |  4- 6 |  7- 9 || total
-------------------------+-------+-------+-------++-------
Melee: Unarmed           |    49 |    63 |   169 ||   281
       Constrict         |    14 |    13 |    28 ||    55
       Tentacles         |     8 |     9 |    27 ||    44
       Punch             |       |       |     3 ||     3
 Cast: Sting             |     7 |     3 |       ||    10
       Poisonous Vapours |     7 |    15 |    29 ||    51
       Olgreb's Toxic Ra |       |       |     4 ||     4
Invok: Divine Energy     |       |       |     1 ||     1
Evoke: Wand              |       |       |     8 ||     8
  Use: Scroll            |       |       |     6 ||     6
 Stab: Sleeping          |    10 |     6 |     5 ||    21
  Eat: Chunk             |     4 |     3 |    14 ||    21
       Ration            |       |     2 |       ||     2
Armor: Skin              |     1 |     6 |     9 ||    16
Dodge: Dodged            |    23 |    40 |   129 ||   192
